 Dungeon Crawl Stone Soup version 0.20.0-7-g3b7b877 (webtiles) character file.

333 Firecrotchwizard the Chopper (level 6, -10/56 HPs)
             Began as a Minotaur Berserker on May 28, 2017.
             Was a Believer of Trog.
             Mangled by an iguana (14 damage)
             ... on level 4 of the Dungeon.
             The game lasted 00:05:16 (3486 turns).

Firecrotchwizard the Chopper (Minotaur Berserker)   Turns: 3486, Time: 00:05:17

Health: -10/56     AC: -4    Str: 22    XL:     6   Next: 27%
Magic:  0/14       EV: 13    Int:  4    God:    Trog [**....]
Gold:   155        SH:  0    Dex: 11    Spells: 5/5 levels left

rFire    + . .     SeeInvis .   a - +0 hand axe
rCold    . . .     Gourm    .   (no shield)
rNeg     . . .     Faith    .   b - +1 animal skin
rPois    .         Spirit   +   (helmet restricted)
rElec    .         Reflect  .   (no cloak)
rCorr    .         Harm     .   (no gloves)
MR       .....                  (no boots)
Stlth    +.........             l - amulet of guardian spirit {Spirit}
Regen    0.2/turn               r - ring of protection from fire {rF+, !d}
MPRegen  0.2/turn               q - ring of magical power {MP+9}

@: corroded
A: retaliatory headbutt, horns 2
a: Berserk, Trog's Hand, Burn Spellbooks, Renounce Religion


You were on level 4 of the Dungeon.
You worshipped Trog.
Trog was pleased with you.
You were not hungry.

You visited 1 branch of the dungeon, and saw 4 of its levels.

You collected 155 gold pieces.

Inventory:

Hand Weapons
 a - a +0 hand axe (weapon)
 k - the +7 quarterstaff of Lilux {freeze, rElec rPois MP+9, unknown}
   (You found it on level 4 of the Dungeon)

   It has been specially enchanted to freeze those struck by it, causing extra
   injury to most foes and up to half again as much damage against particularly
   susceptible opponents.
   It can also slow down cold-blooded creatures.
   It insulates you from electricity.
   It protects you from poison.
   It affects your magic capacity (+9).
Armour
 b - a +1 animal skin (worn)
Jewellery
 l - an amulet of guardian spirit (around neck) {Spirit}
   (You found it on level 2 of the Dungeon)
 q - a ring of magical power (right hand) {MP+9}
   (You found it on level 4 of the Dungeon)
 r - a ring of protection from fire (left hand) {rF+, !d}
   (You found it on level 3 of the Dungeon)
Wands
 e - a wand of confusion (19/48)
   (You found it on level 3 of the Dungeon)
Scrolls
 f - 2 scrolls of identify
 g - 2 scrolls of remove curse
 h - a scroll of immolation {unknown}
 j - a scroll of enchant weapon
 p - a scroll of fog {unknown}
 s - a scroll of random uselessness {unknown}
 t - a scroll of teleportation {unknown}
Potions
 i - 3 potions of curing {unknown}
 m - a potion of ambrosia {unknown}
 n - a potion of mutation {unknown}
 o - a potion of berserk rage {unknown}
Comestibles
 c - 3 bread rations {@e1}
 d - 2 chunks of flesh {@w0}
 u - 3 fruits


   Skills:
 + Level 5.1 Fighting
 * Level 5.9 Axes
 + Level 4.4 Armour
 + Level 3.5 Dodging


You had 5 spell levels left.
You didn't know any spells.

Dungeon Overview and Level Annotations

Branches:
Dungeon (4/15)
 Temple: D:4-7

Altars:
Fedhas
Trog

Annotations:
D:2 2 transporters
D:4 1 exclusion, Blork the orc


Innate Abilities, Weirdness & Mutations

You reflexively headbutt those who attack you in melee.
You have a pair of horns on your head.


Message History

A worm comes into view.
A worm is nearby!
You slash the worm! The worm bites you.
You take 1 damage, and have 55/56 hp.
You barely miss the worm. The worm bites you!
You take 6 damage, and have 49/56 hp.
You now have 13/14 mp.
You hit the worm. You headbutt the worm. You hit the worm but do no damage.
The worm bites you!
You take 10 damage, and have 39/56 hp.
You now have 11/14 mp.
You hit the worm. You hit the worm.
You kill the worm!
Trog accepts your kill.
No target in view!
You start resting.
Some of the chunks of flesh in your inventory have rotted away.
Health restored: 56; MP restored: 14 You butcher the worm corpse.
d - 5 chunks of flesh {@w0} (gained 1)
Found a stone staircase leading up.
Some of the chunks of flesh in your inventory have rotted away.
You see here a club.
All of the chunks of flesh in your inventory have rotted away.
i - 2 amethyst potions (gained 1)
Things that are here:
a leather armour; a trident An adder comes into view.
The adder hisses angrily.
The adder closely misses you. You furiously retaliate!
You headbutt the adder! You slash the adder!
You kill the adder!
Trog accepts your kill.
No target in view!
No target in view!
You butcher the adder corpse.
d - 2 chunks of flesh {@w0} You see here an adder skeleton. x2
i - 3 amethyst potions (gained 1)
u - 3 fruits
There is a shaft here.
You see here a mace.
Found a stone staircase leading up.
Done exploring.
Done exploring.
(D) Dungeon
Where to? (Enter - D:3, ? - help)
You see here a mace.
There is a shaft here.
You see here an adder skeleton.
There is a stone staircase leading down here.
You climb downwards.
Level annotation: 1 exclusion, Blork the orc An iguana, a hound, a worm and a jelly come into view.
The jelly quivers.
The hound misses you. x2; You furiously retaliate!
You headbutt the hound, but do no damage.
The hound bites you.
There is a stone staircase leading up here.
You take 4 damage, and have 52/56 hp.
You now have 13/14 mp.
You slash the hound! The hound bites you but does no damage.
You closely miss the hound. You closely miss the iguana. The hound bites you.
The iguana bites you. The hound bites you.
You take 6 damage, and have 46/56 hp.
You now have 12/14 mp.
You closely miss the hound. You hit the iguana. The hound closely misses you.
The iguana barely misses you.
You slash the hound!
You kill the hound!
Trog accepts your kill.
You hit the jelly but do no damage.
Your hands burn!
You barely miss the iguana. The iguana closely misses you.
You furiously retaliate!
You headbutt the iguana. The jelly closely misses you.
You take 4 damage, and have 42/56 hp.
You now have 11/14 mp.
You barely miss the iguana. You barely miss the worm. You hit the jelly.
The acid corrodes you!
Your hands burn!
The iguana closely misses you. The worm bites you!
The jelly closely misses you.
You take 11 damage, and have 31/56 hp.
You now have 7/14 mp.
You barely miss the iguana. You hit the jelly but do no damage.
Your hands burn!
You hit the worm but do no damage. The iguana bites you!
* * * LOW HITPOINT WARNING * * *
The jelly closely misses you.
You take 16 damage, and have 15/56 hp.
MASSIVE DAMAGE!!
You now have 4/14 mp.
You closely miss the iguana. Your headbutt misses the iguana.
You barely miss the worm. You hit the jelly. The acid corrodes you!
Your hands burn!
* * * LOW HITPOINT WARNING * * *
The iguana completely misses you. You furiously retaliate!
You headbutt the iguana. The worm bites you.
* * * LOW HITPOINT WARNING * * *
The jelly hits you.
* * * LOW HITPOINT WARNING * * *
You are splashed with acid!
The acid burns!
* * * LOW HITPOINT WARNING * * *
You take 9 damage, and have 6/56 hp.
You now have 2/14 mp.
You hit the iguana but do no damage. You hit the worm but do no damage.
You hit the jelly but do no damage.
Your hands burn!
* * * LOW HITPOINT WARNING * * *
The iguana bites you!
You die...

##.#
##.#######
#.........
###
...##########
.. ..........
..# #.###
.#########
#.###.... .#
..#...####.
.#
#.#.lw......
.#
#...@J../...
.#
##.........#
.#
....###.###.#
.# ##### .#
## #


You could see a worm, an iguana and a jelly.

Vanquished Creatures
  Menkaure (D:4)
  A scorpion (D:4)
  A hound (D:4)
  A worker ant (D:4)
  4 adders
  2 oozes
  An adder skeleton (D:4)
  2 worms
  The ghost of soupercrawl the Ducker, a weakling SpVM (D:3)
  3 leopard geckos
  An orc (D:3)
  4 giant cockroaches
  4 goblins
  9 hobgoblins
  4 jackals (D:3)
  A quokka (D:2)
  A ball python (D:4)
  4 bats
  4 frilled lizards
  4 kobolds
  2 rats
55 creatures vanquished.

Notes
Turn   | Place    | Note
-------+----------+-------------------------------------------
     0 | D:1      | Firecrotchwizard the Minotaur Berserker began the quest for the Orb.
     0 | D:1      | Reached XP level 1. HP: 19/19 MP: 0/0
   198 | D:1      | Reached XP level 2. HP: 27/27 MP: 1/1
   262 | D:1      | Reached skill level 4 in Axes
   729 | D:2      | Reached skill level 4 in Fighting
   729 | D:2      | Reached XP level 3. HP: 32/33 MP: 2/2
   861 | D:2      | Found a transporter.
   871 | D:2      | Reached ** piety under Trog
  1108 | D:2      | Found a transporter.
  1143 | D:2      | Found a bloodstained altar of Trog.
  1202 | D:2      | Reached skill level 3 in Armour
  1746 | D:3      | Reached XP level 4. HP: 33/41 MP: 3/3
  1919 | D:3      | Noticed soupercrawl's ghost (weakling SpVM)
  1929 | D:3      | Killed soupercrawl's ghost
  1992 | D:3      | You fall through a shaft!
  1998 | D:4      | Got a brightly glowing quarterstaff
  2035 | D:4      | Noticed Blork the orc
  2120 | D:4      | HP: 10/41 [poisoned by a worker ant]
  2128 | D:4      | HP: 9/41 [poisoned by a worker ant]
  2434 | D:4      | Reached skill level 5 in Axes
  2434 | D:4      | Reached skill level 3 in Dodging
  2434 | D:4      | Reached XP level 5. HP: 30/47 MP: 1/4
  2718 | D:4      | Noticed Menkaure
  2727 | D:4      | Killed Menkaure
  2727 | D:4      | Reached skill level 5 in Fighting
  2727 | D:4      | Reached skill level 4 in Armour
  2727 | D:4      | Reached XP level 6. HP: 26/56 MP: 5/5
  2875 | D:4      | Found a blossoming altar of Fedhas.
  3485 | D:4      | HP: 14/56 [acid (1)]
  3485 | D:4      | HP: 6/56 [acid (4)]
  3486 | D:4      | Mangled by an iguana

Skill      XL: |  1  2  3  4  5 |
---------------+----------------+-----
Axes           | 4 5 |  5.9
Fighting       | 4 5 |  5.1
Armour         | 3 4 |  4.4
Dodging        | 3 |  3.5

Action                   |  1- 3 |  4- 6 || total
-------------------------+-------+-------++-------
Melee: Hand axe          |    75 |    68 ||   143
       Headbutt          |     9 |    10 ||    19
Invok: Trog's Hand       |       |     2 ||     2
  Use: Scroll            |     5 |       ||     5
  Eat: Chunk             |     3 |     1 ||     4
       Meat ration       |       |     1 ||     1
Armor: Animal skin       |    12 |    10 ||    22
Dodge: Dodged            |    49 |    43 ||    92

Vault maps used:
D:1:      dpeg_arrival_radiant, supply_closet_lemuel, hangedman_decor_growths,
          minmay_tromino_i4
D:2:      gammafunk_temple_overflow_arena
D:4:      nicolae_overflow_crystal_walls, tgw_sif, uniq_menkaure

Table legend:
 A = Turns spent in this place as a percentage of turns spent in the entire game.
 B = Non-inter-level travel turns spent in this place as a percentage of non-inter-level travel turns spent in the entire game.
 C = Inter-level travel turns spent in this place as a percentage of turns spent in this place.
 D = Turns resting spent in this place as a percentage of non-inter-level travel turns spent in this place.
 E = Turns spent auto-exploring this place as a percentage of non-inter-level travel turns spent in this place.
 F = Non-inter-level travel turns spent in this place divided by the number of levels of this place that you've seen.
                   A       B       C       D       E      F
               +-------+-------+-------+-------+-------+----------------------
         Total | 100.0 | 100.0 |   0.7 |   7.3 |  16.0 | 143.8
       Dungeon | 100.0 | 100.0 |   0.7 |   7.3 |  16.0 | 143.8
               +-------+-------+-------+-------+-------+----------------------

Table legend:
 A = Kills in this place as a percentage of kills in entire the game.
 B = Kills by you in this place as a percentage of kills by you in the entire game.
 C = Kills by friends in this place as a percentage of kills by friends in the entire game.
 D = Other kills in this place as a percentage of other kills in the entire game.
 E = Experience gained in this place as a percentage of experience gained in the entire game.
 F = Experience gained in this place divided by the number of levels of this place that you have seen.
                   A       B       C       D       E      F
               +-------+-------+-------+-------+-------+----------------------
         Total | 100.0 | 100.0 |  -nan |  -nan | 100.0 | 119.0
       Dungeon | 100.0 | 100.0 |  -nan |  -nan | 100.0 | 119.0
               +-------+-------+-------+-------+-------+----------------------
